 Dungeon Crawl Stone Soup version 0.19.5 (webtiles) character file.

76 Azzok the Bolt Thrower (level 4, -7/33 HPs)
             Began as a Formicid Hunter on June 22, 2017.
             Mangled by a worm (8 damage)
             ... on level 2 of the Dungeon.
             The game lasted 00:03:05 (1921 turns).

Azzok the Bolt Thrower (Formicid Hunter)            Turns: 1921, Time: 00:03:07

Health: -7/33      AC:  3    Str: 17    XL:     4   Next: 57%
Magic:  4/4        EV: 12    Int: 11    God:
Gold:   37         SH:  0    Dex: 11    Spells: 0 memorised, 3 levels left

rFire  + . .     SeeInvis +     b - +0 short sword
rCold  x . .     Gourm    .     c - +0 leather armour
rNeg   . . .     Faith    .     (no shield)
rPois  .         Spirit   .     (helmet unavailable)
rElec  .         Reflect  .     (no cloak)
rCorr  .         Harm     .     (no gloves)
MR     .....                    (no boots)
Stlth  +.........               (no amulet)
                                (no ring)
                                p - ring of fire

@: no status effects
A: permanent stasis, dig shafts and tunnels, four strong arms, antennae 3
a: Dig, Shaft Self


You were on level 2 of the Dungeon.
You were very hungry.

You visited 1 branch of the dungeon, and saw 2 of its levels.

You collected 37 gold pieces.

Inventory:

Hand Weapons
 a - a +1 hand crossbow
 b - a +0 short sword (weapon)
Missiles
 d - 20 bolts
Armour
 c - a +0 leather armour (worn)
Jewellery
 p - a ring of fire (left hand)
Scrolls
 e - 3 scrolls of remove curse {unknown}
 l - 3 scrolls of identify {unknown}
 n - a scroll of enchant weapon {unknown}
 o - a scroll of fear {unknown}
Potions
 h - 2 potions of mutation {unknown}
 j - a potion of heal wounds {unknown}
 k - 3 potions of agility {unknown}
 m - a potion of haste {unknown}
Comestibles
 f - a bread ration {@e1}
 i - a slice of pizza


   Skills:
 - Level 2.2 Fighting
 * Level 5.6 Crossbows
 - Level 1.7 Dodging
 - Level 1.2 Stealth


You had 3 spell levels left.
You didn't know any spells.

Dungeon Overview and Level Annotations

Branches:
Dungeon (2/15)

Altars:


Innate Abilities, Weirdness & Mutations

You are under a permanent stasis effect.
You can dig through walls and to a lower floor.
Your four strong arms can wield two-handed weapons with a shield.
You have a pair of large antennae on your head. (SInv)


Message History

The worm closely misses you.
You hit the worm.
The worm is heavily wounded.
The worm bites you.
* * * LOW HITPOINT WARNING * * *
You take 3 damage, and have 1/33 hp.
You hit the worm.
The worm is heavily wounded.
You hit the worm.
The worm is severely wounded.
The worm closely misses you.
You hit the worm.
The worm is almost dead.
The worm barely misses you.
You barely miss the worm.
The worm is almost dead.
You hit the worm but do no damage.
The worm is almost dead.
The worm bites you!
You die...

▒·▒ ▒·▒▒▒▒▒╬▒▒▒▒····▒ ····· ▒·▒
▒·▒▒▒▒··········▒ ···
▒·▒▒▒···········▒···▒
▒·····▒▒▒▒···(··▒··▒▒▒▒▒▒▒▒
▒▒▒▒▒·▒ ▒······▒··▒▒▒····▒
······▒ ▒······▒···▒▒····▒
▒▒▒▒▒▒▒ ▒▒▒▒▒▒▒·····╬····▒
▒▒▒▒▒▒▒▒▒▒▒▒▒▒▒▒····▒▒····▒
······))········@····▒····▒
▒▒▒▒▒▒▒▒▒▒···▒▒▒▒w·▒·▒····▒▒▒▒·▒
▒·······················╬
▒▒····▒▒▒▒····▒▒·▒▒▒▒▒▒╬▒
▒·······▒·····▒·▒
▒··▒▒▒▒·▒···▒·▒·▒ ▒··▒
▒·▒···▒···▒ ▒··▒ ▒·▒···▒▒··▒
▒··▒ ▒·▒·······▒


You could see a worm.

Vanquished Creatures
  2 adders (D:2)
  3 gnolls (D:2)
  A dart slug (D:1)
  2 leopard geckos (D:2)
  3 ball pythons (D:1)
  3 giant cockroaches (D:1)
  A goblin (D:1)
  A hobgoblin (D:2)
  5 kobolds (D:1)
  A quokka (D:2)
  2 bats (D:1)
  A frilled lizard (D:1)
  4 rats
29 creatures vanquished.

Notes
Turn   | Place    | Note
-------+----------+-------------------------------------------
     0 | D:1      | Azzok the Formicid Hunter began the quest for the Orb.
     0 | D:1      | Reached XP level 1. HP: 16/16 MP: 1/1
   239 | D:1      | Reached XP level 2. HP: 19/22 MP: 2/2
  1031 | D:2      | Reached XP level 3. HP: 17/27 MP: 3/3
  1185 | D:2      | Reached skill level 5 in Crossbows
  1325 | D:2      | Reached XP level 4. HP: 7/33 MP: 4/4
  1916 | D:2      | HP: 1/33 [worm (4)]
  1921 | D:2      | Mangled by a worm

Skill      XL: |  1  2  3 |
---------------+----------+-----
Crossbows      | 5 |  5.6
Fighting       | |  2.2
Dodging        | |  1.7
Stealth        | |  1.2

Action                   |  1- 3 |  4- 6 || total
-------------------------+-------+-------++-------
Melee: Short sword       |   125 |    39 ||   164
 Stab: Sleeping          |     3 |       ||     3
  Eat: Chunk             |     1 |     1 ||     2
Armor: Leather armour    |    35 |     4 ||    39
Dodge: Dodged            |    83 |    15 ||    98
